 Seeded DCSS version 0.29.1-15-g9cfb28693d (webtiles) character file.

Game seed: 14004205871845239922 (custom seed)

47 Mickster the Covered (level 3, -1/30 HPs)
             Began as a Demigod Fighter on Feb 23, 2023.
             Slain by a gnoll
             ... wielding a +0 halberd
              (3 damage)
             ... on level 2 of the Dungeon.
             The game lasted 00:11:50 (1500 turns).

Mickster the Covered (Demigod Fighter)              Turns: 1500, Time: 00:11:51

Health: -1/30      AC:  6    Str: 21    XL:     3   Next: 29%
Magic:  5/5        EV:  9    Int: 10    God:
Gold:   80         SH:  4    Dex: 13    Spells: 2/2 levels left

rFire   . . .      SeeInvis .   e - +2 spear (venom)
rCold   . . .      Faith    .   c - +0 buckler
rNeg    . . .      Spirit   .   b - +0 scale mail
rPois   .          Reflect  .   (no helmet)
rElec   .          Harm     .   (no cloak)
rCorr   .          Rampage  .   (no gloves)
Will    .....                   (no boots)
Stlth   ..........              (no amulet)
HPRegen 0.10/turn               (no ring)
MPRegen 0.09/turn               (no ring)

@: mighty
A: high MP 1, forlorn, divine attributes
a: no special abilities


You were on level 2 of the Dungeon.
You visited 1 branch of the dungeon, and saw 2 of its levels.

You collected 80 gold pieces.

Inventory:

Hand Weapons
 a - a +1 long sword of flaming
 e - a +2 spear of venom (weapon)
Armour
 b - a +0 scale mail (worn)
 c - a +0 buckler (worn)
Potions
 d - a potion of might


   Skills:
 + Level 2.9 Fighting
 - Level 2.0 Long Blades
 * Level 0.4 Polearms
 + Level 3.4 Armour
 + Level 0.2 Stealth
 + Level 3.1 Shields


You had 2 spell levels left.
You didn't know any spells.
Your spell library contained the following spells:

 Spells                   Type           Power      Damage    Failure   Level
 Apportation              Tloc           0%         N/A       80%         1
 Alistair's Intoxication  Tmut/Pois      0%         N/A       100%        5


Dungeon Overview and Level Annotations

Branches:
Dungeon (2/15)


Innate Abilities, Weirdness & Mutations

You have an increased reservoir of magic. (+10% MP)
You shall have no god before yourself.
Your divine heritage dramatically boosts your attributes as you level up.


Message History

There is a stone staircase leading up here.
Found a scroll labelled DAEFOCH IDAGIUC.
A gnoll comes into view. It is wielding a +0 flail.
The gnoll shouts!
You hear a shout!
The gnoll moves out of view.
You hear a shout!
A gnoll comes into view. It is wielding a +0 flail.
The gnoll moves out of view.
A gnoll and an endoplasm come into view.
The gnoll shouts!
The endoplasm quivers.
A gnoll comes into view. It is wielding a +0 whip.
You feel very mighty all of a sudden.
The gnoll shouts!
You hit the gnoll.
The gnoll is poisoned.
The gnoll is lightly wounded.
You puncture the gnoll!
The gnoll is severely wounded.
The gnoll barely misses you. The gnoll hits you with a +0 flail!
You puncture the gnoll!
You kill the gnoll!
The gnoll completely misses you. The gnoll hits you but does no damage.
You have reached level 3!
Your experience leads to a dramatic increase in your attributes!
Increase (S)trength, (I)ntelligence, or (D)exterity?
You feel stronger. x4
You puncture the gnoll!
You kill the gnoll!
The gnoll hits you from afar with a +0 halberd!
A hobgoblin comes into view.
The hobgoblin shouts!
You puncture the endoplasm!
You kill the endoplasm!
The gnoll hits you from afar with a +0 halberd!
* * * LOW HITPOINT WARNING * * *
You puncture the gnoll!
The gnoll is poisoned.
The gnoll is severely wounded.
You kill the gnoll!
The gnoll hits you from afar with a +0 halberd.
You die...

... #. .. ...
########g.g...
#.........#.# #.#
#.....
.######.#####.#.####.
.......<##..?g.......
##.#.##.##.##)# #
#.....)@#
#.......####
####.#### ...# #####


You could see a gnoll and a hobgoblin.

Vanquished Creatures
  3 gnolls (D:2)
  A dart slug (D:1)
  4 bats (D:1)
  4 endoplasms
  A giant cockroach (D:1)
  2 hobgoblins (D:1)
  A kobold (D:1)
  A quokka (D:1)
  A ball python (D:1)
  A frilled lizard (D:1)
  4 goblins (D:1)
  2 rats (D:1)
25 creatures vanquished.

Notes
Turn   | Place    | Note
-------+----------+-------------------------------------------
     0 | D:1      | Mickster the Demigod Fighter began the quest for the Orb.
     0 | D:1      | Reached XP level 1. HP: 18/18 MP: 3/3
   473 | D:1      | Reached XP level 2. HP: 21/25 MP: 4/4
  1498 | D:2      | Reached XP level 3. HP: 21/30 MP: 5/5
  1500 | D:2      | Slain by a gnoll

Illustrated notes

Levels and vault maps discovered:
D:1:      dpeg_arrival_round_a, layout_loops_corners, minmay_statues_item
D:2:      layout_loops_cross, uniq_jessica

Skill      XL: |  1  2 |
---------------+-------+-----
Long Blades    | 2 |  2.0
Armour         | 3 |  3.4
Shields        | 3 |  3.1
Fighting       | |  2.9
Polearms       | |  0.4
Stealth        | |  0.2

Action                   || total
-------------------------++-------
Melee: Long sword        ||    54
       Spear             ||    25
  Use: Scroll            ||     5
       Potion            ||     3
Armor: Scale mail        ||    48
Dodge: Dodged            ||    47
Block: Buckler           ||    22
